 Dungeon Crawl Stone Soup version 0.16-a0-3330-g2931290 (webtiles) character file.

193 PolkaDot the Covert (level 5, -5/38 HPs)
             Began as a Vampire Assassin on Dec 28, 2014.
             Killed from afar by an orc wizard (9 damage)
             ... with a magic dart
             ... on level 4 of the Dungeon.
             The game lasted 00:05:09 (2823 turns).

PolkaDot the Covert (Vampire Assassin)              Turns: 2823, Time: 00:05:09

Health: -5/38      AC:  5    Str: 15    XL:     5   Next: 44%
Magic:  5/5        EV: 11    Int: 14    God:
Gold:   159        SH:  0    Dex: 15    Spells: 0 memorised, 4 levels left

rFire  . . .     SeeInvis +     t - +2 rapier (drain)
rCold  + . .     Clarity  .     w - +0 leather armour
rNeg   + + .     SustAb   .     (no shield)
rPois  +         Gourm    .     k - +0 helmet
rElec  .         Spirit   .     d - +0 cloak
rCorr  .         Warding  .     (no gloves)
rMut   .         Stasis   .     (no boots)
MR     .....                    (no amulet)
Stlth  +++++.....               (no ring)
                                p - +3 ring of slaying

@: mighty, regenerating slowly, not resistant to hostile enchantments, quite
stealthy
A: bottle blood, fangs 3, see invisible, unbreathing
a: Bat Form


You were on level 4 of the Dungeon.
You were thirsty.

You visited 1 branch of the dungeon, and saw 4 of its levels.

You collected 159 gold pieces.

Inventory:

Hand weapons
 b - a +0 blowgun
 t - a +2 rapier of draining (weapon)
Missiles
 e - 29 poisoned needles
 f - 9 curare-tipped needles
Armour
 d - a +0 cloak (worn)
 k - a +0 helmet (worn)
 w - a +0 leather armour (worn)
Jewellery
 p - a +3 ring of slaying (left hand)
Scrolls
 a - a scroll of recharging {unknown}
 j - 3 scrolls of remove curse {unknown}
 m - 2 scrolls of identify {unknown}
 n - a scroll of blinking {unknown}
 o - 4 scrolls of teleportation {unknown}
 r - a scroll of enchant armour {unknown}
 s - a scroll of magic mapping {unknown}
 v - a scroll of fear {unknown}
Potions
 g - 13 potions of blood {@*1}
 h - a potion of might
 l - 2 potions of restore abilities
 q - a potion of heal wounds {unknown}
 u - 2 potions of berserk rage {unknown}


   Skills:
 - Level 1.7 Fighting
 + Level 3.5 Short Blades
 + Level 2.5 Throwing
 - Level 1.1 Dodging
 * Level 8.7 Stealth


You had 4 spell levels left.
You didn't know any spells.

Dungeon Overview and Level Annotations

Branches:
Dungeon (4/15)
 Temple: D:4-7

Altars:
Ashenzari
Vehumet
Yredelemnul
Zin

Annotations:
D:2 runed door


Innate Abilities, Weirdness & Mutations

You heal slowly.
You can bottle blood from corpses.
You have razor-sharp teeth.
You have supernaturally acute eyesight.
You can survive without breathing.


Message History

* * * LOW HITPOINT WARNING * * *
Drink which item? (? for menu, Esc to quit)
It was a potion of might.
You feel very mighty all of a sudden.
The orc wizard hits you with an encrusted whip {holy}.
* * * LOW HITPOINT WARNING * * *
You convulse.
* * * LOW HITPOINT WARNING * * *
The orc wizard jeers repeatedly.
The orc wizard hits you with an encrusted whip {holy}.
* * * LOW HITPOINT WARNING * * *
You convulse.
* * * LOW HITPOINT WARNING * * *
Drink which item? (? for menu, Esc to quit)
Okay, then.
Read which item? (? for menu, Esc to quit)
Okay, then.
The orc wizard casts a spell at you. The magic dart hits you!
You die...

........ #.....[.
#....#.# ########
#....#.# ### ...o...#
#.. .......##### #.#
............ #.#
#..)....# #.#
........#############
#.#
........)...ooo.@...#
#.#
#################.#.#
#.# #.#.# #.# #.#.#
#.# #.#.# #.# #.#.#
###.# #.#.# #...#
#.#.# #.### #.#.# #.#


You could see an orc wizard and 2 orcs.

Vanquished Creatures
  2 orc wizards (D:4)
  An orc priest (D:4)
  Ijyb (D:3)
  3 adders
  A giant mite (D:4)
  A worm (D:3)
  2 oozes (D:3)
  8 orcs (D:4)
  5 goblins
  4 hobgoblins
  A quokka (D:3)
  7 bats
  A giant gecko (D:3)
  A jackal skeleton (D:2)
  6 kobolds
44 creatures vanquished.

Notes
Turn   | Place    | Note
--------------------------------------------------------------
     0 | D:1      | PolkaDot, the Vampire Assassin, began the quest for the Orb.
     0 | D:1      | Reached XP level 1. HP: 16/16 MP: 1/1
    63 | D:1      | Reached skill level 6 in Stealth
   824 | D:2      | Reached XP level 2. HP: 20/22 MP: 2/2
   887 | D:2      | Found a radiant altar of Vehumet.
  1107 | D:2      | Found a runed door.
  1107 | D:2      | Noticed a human
  1111 | D:2      | Found a basalt altar of Yredelemnul.
  1220 | D:3      | Found a shattered altar of Ashenzari.
  1300 | D:3      | Found a glowing silver altar of Zin.
  1444 | D:3      | Reached XP level 3. HP: 27/27 MP: 3/3
  1526 | D:3      | Noticed Ijyb
  1537 | D:3      | Killed Ijyb
  1537 | D:3      | Reached skill level 7 in Stealth
  2146 | D:3      | Reached XP level 4. HP: 31/33 MP: 4/4
  2279 | D:4      | Reached skill level 8 in Stealth
  2659 | D:4      | Reached XP level 5. HP: 38/38 MP: 5/5
  2823 | D:4      | Killed from afar by an orc wizard

Action                   |  1- 3 |  4- 6 || total
-------------------------+-------+-------++-------
Melee: Dagger            |    46 |       ||    46
       Rapier            |    15 |    43 ||    58
  Use: Potion            |       |     7 ||     7
 Stab: Sleeping          |     5 |     6 ||    11
       Distracted        |     1 |       ||     1
  Eat: Corpse            |     1 |       ||     1
